[Event "Titled Tuesday Blitz October 04 Early 2022"]
[White "Shimanov, Aleksandr"]
[Black "Le, Tuan Minh"]
[WhiteFideId "4198603"]
[BlackFideId "12401153"]
[WhiteElo "2605"]
[BlackElo "2530"]
[Result "0-1"]
[Round "10"]
[TimeControl "180+1"]
[Date "2022.10.04"]
[WhiteClock "0:00:04"]
[BlackClock "0:00:04"]

1. e4 c5 2. Nf3 Nf6 3. e5 Nd5 4. Nc3 e6 5. Ne4 f5 6. Nc3 Nb4 7. Bc4 a6 8. a3 N4c6 9. O-O b5 10. Ba2 Be7 11. Re1 O-O 12. d3 Bb7 13. Ne2 Kh8 14. Ng3 Nd4 15. Nd2 f4 16. Nge4 f3 17. Nxf3 Nxf3+ 18. gxf3 Nc6 19. f4 Nd4 20. c3 Nf5 21. Qg4 Qc7 22. Bd2 Rf7 23. Kf1 Raf8 24. Ke2 c4 25. Bb1 cxd3+ 26. Bxd3 Bd5 27. Kd1 Qc6 28. Bc2 a5 29. Qe2 Rc8 30. Rc1 Rff8 31. Rg1 Rf7 32. Ke1 b4 33. axb4 axb4 34. Bd3 bxc3 35. Bxc3 Rff8 36. f3 Qb6 37. Qf2 Bh4 38. Rg3 Qb3 39. Kf1 Bc4 40. Bxc4 Qxc4+ 41. Kg2 Nxg3 42. hxg3 Be7 43. Rd1 Qc6 44. Qd2 Rfd8 45. Qd3 h6 46. g4 Qc4 47. Qxc4 Rxc4 48. f5 Kg8 49. f6 Bf8 50. g5 g6 51. gxh6 Bxh6 52. Rh1 Bf4 53. Rh4 g5 54. Rh6 Rb8 55. Rg6+ Kh8 56. Nd6 Rxc3 57. bxc3 Kh7 58. Rg7+ Kh6 59. Kh3 Rb2 60. Nf7+ Kh5 61. Rh7+ Kg6 62. Rg7+ Kh5 63. Rh7+ Kg6 64. Rg7+ Kf5 65. Nh6+ Kxe5 66. f7 Rh2+ 67. Kg4 Rh4# 0-1


[Site "https://www.chess.com"]

[Event "Titled Tuesday Blitz October 04 Early 2022"]
[White "Svane, Frederik"]
[Black "Bortnyk, Mykola"]
[WhiteFideId "12923044"]
[BlackFideId "14120836"]
[WhiteElo "2466"]
[BlackElo "2582"]
[Result "0-1"]
[Round "10"]
[TimeControl "180+1"]
[Date "2022.10.04"]
[WhiteClock "0:00:02"]
[BlackClock "0:00:36"]

1. e3 d5 2. b3 e5 3. Bb2 Bd6 4. c4 c6 5. Nf3 Qe7 6. cxd5 cxd5 7. Nc3 Nf6 8. Nb5 Nc6 9. Nxd6+ Qxd6 10. Bb5 e4 11. Nd4 O-O 12. Bxc6 bxc6 13. Rc1 Bd7 14. Qc2 Ng4 15. d3 f5 16. Qc3 Rf7 17. Ne2 Re8 18. Qc5 Qxc5 19. Rxc5 exd3 20. Nf4 d2+ 21. Ke2 g5 22. Nd3 f4 23. h3 fxe3 24. f3 Nh6 25. g4 Rfe7 26. Bf6 Re6 27. Bxg5 Bc8 28. Ra5 Nf7 29. Bf4 d4 30. h4 c5 31. Nxc5 Rf6 32. Nd3 Ba6 33. Bg3 Bxd3+ 34. Kxd3 Rxf3 35. Bd6 Nxd6 36. Ke2 Rf2+ 37. Kd1 e2+ 38. Kc2 0-1


[Site "https://www.chess.com"]

[Event "Titled Tuesday Blitz October 04 Early 2022"]
[White "Svane, Rasmus"]
[Black "Ohanyan, Emin"]
[WhiteFideId "4657101"]
[BlackFideId "13312022"]
[WhiteElo "2674"]
[BlackElo "2302"]
[Result "1-0"]
[Round "10"]
[TimeControl "180+1"]
[Date "2022.10.04"]
[WhiteClock "0:00:33"]
[BlackClock "0:00:05"]

1. Nf3 d5 2. g3 Nf6 3. Bg2 g6 4. c4 c6 5. Qb3 Bg7 6. d4 O-O 7. Nc3 dxc4 8. Qxc4 b5 9. Qd3 b4 10. Na4 Qa5 11. b3 Nbd7 12. Qc2 Ba6 13. Bb2 Rac8 14. Rc1 Bb5 15. Nc5 Nxc5 16. dxc5 Nd5 17. Nd4 Nc3 18. Bxc3 bxc3 19. e3 Bxd4 20. exd4 Rfd8 21. a4 Ba6 22. Qxc3 Qxc3+ 23. Rxc3 Rxd4 24. Bf1 Rcd8 25. Be2 Rd2 26. Bxa6 Rd1+ 27. Ke2 Rxh1 28. Bb7 Rd7 29. Bxc6 Rc7 30. Bxh1 Rxc5 31. Rxc5 1-0


[Site "https://www.chess.com"]

[Event "Titled Tuesday Blitz October 04 Early 2022"]
[White "Timofeev, Artyom"]
[Black "Harsh Suresh"]
[WhiteFideId "4140419"]
[BlackFideId "45018464"]
[WhiteElo "2579"]
[BlackElo "2180"]
[Result "1-0"]
[Round "10"]
[TimeControl "180+1"]
[Date "2022.10.04"]
[WhiteClock "0:00:23"]
[BlackClock "0:00:01"]

1. e4 g6 2. d4 Nf6 3. Nc3 d5 4. e5 Ne4 5. Bd3 Nxc3 6. bxc3 c5 7. h4 h5 8. Nf3 Bg4 9. dxc5 Qa5 10. O-O Nc6 11. e6 Bxe6 12. Ng5 O-O-O 13. Nxe6 fxe6 14. Rb1 Qxc3 15. Be3 Bh6 16. Rb3 Qa5 17. Bxh6 Rxh6 18. Qb1 Qc7 19. Qb2 e5 20. Rb1 Rd7 21. Bb5 d4 22. Qc1 Rh7 23. Qg5 Rg7 24. Qh6 e6 25. Bc4 Nd8 26. Qh8 Rh7 27. Qf6 Qxc5 28. Bxe6 Nxe6 29. Qxe6 b6 30. a4 Qd5 31. Qh3 Rf7 32. Rb5 Qc4 33. a5 Qxc2 34. Qg3 Rd6 35. Rf1 Re6 36. axb6 axb6 37. Rxe5 Rxe5 38. Qxe5 Qc7 39. Qe4 Rf4 40. Qxg6 Rxh4 41. g3 Rg4 42. Qxh5 Rg8 43. Qd5 Rh8 44. Qa8+ Qb8 45. Rc1+ Kd7 46. Qc6+ Ke7 47. Re1+ Kf7 48. Qd7+ Kg6 49. Re6+ Kg5 50. Qg7+ Kf5 51. Qf6+ Kg4 52. Qg6+ Kf3 53. Qf5+ Qf4 54. Qxf4# 1-0


[Site "https://www.chess.com"]

[Event "Titled Tuesday Blitz October 04 Early 2022"]
[White "Vantika, Agrawal"]
[Black "Saydaliev, Saidakbar"]
[WhiteFideId "25050389"]
[BlackFideId "14203693"]
[WhiteElo "2262"]
[BlackElo "2276"]
[Result "0-1"]
[Round "10"]
[TimeControl "180+1"]
[Date "2022.10.04"]
[WhiteClock "0:00:01"]
[BlackClock "0:00:12"]

1. e4 e5 2. Nf3 Nc6 3. Bb5 a6 4. Ba4 Nf6 5. O-O Nxe4 6. d4 b5 7. Bb3 d5 8. dxe5 Be6 9. c3 Be7 10. Nbd2 Nc5 11. Bc2 d4 12. cxd4 Nxd4 13. Nxd4 Qxd4 14. Nf3 Qxd1 15. Rxd1 O-O 16. Be3 Rad8 17. Nd4 Bd7 18. Bf5 Rfe8 19. Bxd7 Rxd7 20. Nc6 Rxd1+ 21. Rxd1 Ne6 22. f4 g6 23. b4 Bf8 24. g4 h5 25. gxh5 gxh5 26. f5 Ng7 27. f6 Nf5 28. Bc5 Re6 29. Rd8 Rxc6 30. Rxf8+ Kh7 31. Rxf7+ Kg6 32. Rf8 Nh6 33. Re8 Kf5 34. Kg2 Re6 35. Rh8 Nf7 36. Rxh5+ Kg6 37. Rh3 Nxe5 38. Bd4 Nd7 39. Rg3+ Kf7 40. Rg7+ Ke8 41. f7+ Kf8 42. Rh7 Re4 43. Bc3 Re3 44. Bd4 Re4 45. Bc3 Rc4 0-1


[Site "https://www.chess.com"]

[Event "Titled Tuesday Blitz October 04 Early 2022"]
[White "Vokhidov, Shamsiddin"]
[Black "Zelbel, Patrick"]
[WhiteFideId "14204223"]
[BlackFideId "24624322"]
[WhiteElo "2619"]
[BlackElo "2474"]
[Result "1-0"]
[Round "10"]
[TimeControl "180+1"]
[Date "2022.10.04"]
[WhiteClock "0:02:18"]
[BlackClock "0:01:14"]

1. e4 e5 2. Nf3 Nc6 3. Nc3 Nf6 4. Be2 g6 5. d4 exd4 6. Nxd4 Bg7 7. Bg5 h6 8. Bh4 g5 9. Nf5 Bf8 10. Bg3 d5 11. Nb5 Bxf5 12. Nxc7+ Qxc7 13. Bxc7 Bxe4 14. O-O Rc8 15. Bg3 Bg7 16. Bd3 O-O 17. Bxe4 dxe4 18. c3 Rfd8 19. Qe2 Re8 20. Rad1 a6 21. Rd6 Na5 22. Rfd1 Nc4 23. R6d4 b5 24. h4 g4 25. h5 Rc5 26. Rd8 Rxd8 27. Rxd8+ Kh7 28. Bh4 e3 29. Qd3+ Rf5 30. Qxf5# 1-0


[Site "https://www.chess.com"]

[Event "Titled Tuesday Blitz October 04 Early 2022"]
[White "Xu, Yi"]
[Black "Bacrot, Etienne"]
[WhiteFideId "8605564"]
[BlackFideId "605506"]
[WhiteElo "2471"]
[BlackElo "2666"]
[Result "1-0"]
[Round "10"]
[TimeControl "180+1"]
[Date "2022.10.04"]
[WhiteClock "0:00:14"]
[BlackClock "0:00:01"]

1. e4 c5 2. Nf3 d6 3. d4 cxd4 4. Nxd4 Nf6 5. Nc3 a6 6. Bg5 Nbd7 7. Bc4 Qc7 8. Bb3 e6 9. f4 Nc5 10. Bxf6 gxf6 11. Qf3 b5 12. f5 b4 13. fxe6 fxe6 14. Na4 Nxb3 15. axb3 Bg7 16. e5 dxe5 17. Qxa8 exd4 18. O-O-O f5 19. g4 O-O 20. Rhf1 Bb7 21. Qa7 Rc8 22. Rf2 Bh6+ 23. Kb1 Be3 24. Rfd2 Be4 25. Qb6 Bxc2+ 26. Rxc2 Qxc2+ 27. Ka2 Qe4 28. gxf5 exf5 29. Qxb4 f4 30. Nb6 Rf8 31. Nc4 f3 32. Nxe3 Qxe3 33. Rxd4 Qe6 34. Rg4+ Qxg4 35. Qxg4+ Kh8 36. Qd4+ Kg8 37. Qf2 Rf6 38. b4 Kf7 39. Kb3 h6 40. Kc3 Kg6 41. Kd2 Kg5 42. Ke1 Re6+ 43. Kf1 1-0


[Site "https://www.chess.com"]

[Event "Titled Tuesday Blitz October 04 Early 2022"]
[White "Yaran, Siar"]
[Black "Zemlyanskii, Ivan"]
[WhiteFideId "6323006"]
[BlackFideId "24249971"]
[WhiteElo "2191"]
[BlackElo "2107"]
[Result "1-0"]
[Round "10"]
[TimeControl "180+1"]
[Date "2022.10.04"]
[WhiteClock "0:00:29"]
[BlackClock "0:00:03"]

1. e4 c5 2. Nf3 e6 3. d4 cxd4 4. Nxd4 Nf6 5. Nc3 Nc6 6. Be2 d6 7. O-O Be7 8. Be3 O-O 9. f4 Qc7 10. Qe1 Nxd4 11. Bxd4 e5 12. fxe5 dxe5 13. Qg3 Nd7 14. Nd5 Qd6 15. Be3 Nb6 16. c4 Nxd5 17. exd5 f5 18. Bf2 b6 19. Rad1 Bd7 20. Qc3 Rae8 21. a3 Rc8 22. b4 e4 23. Bd4 Bf6 24. g3 Bxd4+ 25. Qxd4 Qf6 26. Qxf6 Rxf6 27. Kf2 Ba4 28. Rd2 Bb3 29. Rc1 g5 30. Ke3 Re8 31. Rf1 Rc8 32. Kd4 b5 33. c5 Bxd5 34. Kxd5 Rd8+ 35. Ke5 Rxd2 36. Kxf6 Rxe2 37. Rxf5 e3 38. c6 Rc2 39. Rc5 e2 40. c7 Rxc5 41. bxc5 e1=Q 42. c8=R+ 1-0


[Site "https://www.chess.com"]

[Event "Titled Tuesday Blitz October 04 Early 2022"]
[White "Yuan, Qingyu"]
[Black "Pakleza, Zbigniew"]
[WhiteFideId "8609772"]
[BlackFideId "1119290"]
[WhiteElo "2359"]
[BlackElo "2411"]
[Result "0-1"]
[Round "10"]
[TimeControl "180+1"]
[Date "2022.10.04"]
[WhiteClock "0:00:01"]
[BlackClock "0:00:03"]

1. e4 d6 2. d4 Nf6 3. Nc3 c6 4. Bd3 e5 5. Nf3 Nbd7 6. a4 a5 7. O-O Be7 8. Bg5 O-O 9. Qe2 Re8 10. dxe5 dxe5 11. Bc4 h6 12. Bh4 Qc7 13. Rad1 Nf8 14. Bg3 Ng6 15. Bb3 Bb4 16. Nb1 Nh5 17. c3 Bf8 18. Qe3 Nhf4 19. Nbd2 Rb8 20. Nc4 Be6 21. Nfxe5 Nxe5 22. Bxf4 f6 23. Nd2 Bd6 24. Bxe6+ Rxe6 25. Bg3 b5 26. axb5 Rxb5 27. b3 h5 28. Qe2 Qf7 29. Nc4 Bc7 30. Nxe5 Bxe5 31. Qc4 Bxg3 32. hxg3 Kh7 33. Rd4 Qe8 34. Ra1 Rbe5 35. Ra4 Rb5 36. Kh2 Ree5 37. Rd6 Rec5 38. Qd3 Rxb3 39. e5+ Qg6 40. e6 Qxd3 41. Rxd3 Re5 42. Rd6 Rxc3 43. f4 Re2 44. Rxa5 Kg6 45. f5+ Kg5 46. Rd7 Kh6 47. Ra8 Rcc2 48. Rh8+ Kg5 49. Rxg7+ Kxf5 50. Rxh5+ Kxe6 51. Rg8 Rxg2+ 52. Kh1 Rgd2 53. Re8+ Kf7 54. Re1 c5 55. g4 c4 56. Rf1 Rf2 57. Rxf2 Rxf2 58. Rc5 Rc2 59. Kg1 c3 60. Kf1 Ke6 61. Ke1 Kd6 62. Rf5 Rh2 63. Rxf6+ Kd5 64. Rf8 Kc4 65. Rc8+ Kb3 66. g5 Rg2 67. Rc5 Kc2 0-1


[Site "https://www.chess.com"]

[Event "Titled Tuesday Blitz October 04 Early 2022"]
[White "Zhigalko, Sergei"]
[Black "Rohith Krishna S"]
[WhiteFideId "13502956"]
[BlackFideId "46617051"]
[WhiteElo "2662"]
[BlackElo "2270"]
[Result "1-0"]
[Round "10"]
[TimeControl "180+1"]
[Date "2022.10.04"]
[WhiteClock "0:00:03"]
[BlackClock "0:01:02"]

1. e4 e5 2. Nf3 Nc6 3. Bc4 Bc5 4. b4 Bxb4 5. c3 Be7 6. d4 Na5 7. Bd3 exd4 8. cxd4 d5 9. e5 h5 10. O-O Nc6 11. Nbd2 Nh6 12. Qb3 O-O 13. Re1 Rb8 14. Nf1 Nf5 15. Qd1 g6 16. Bc2 Be6 17. Ng3 Nxg3 18. hxg3 Bg4 19. Rb1 Nb4 20. Bb3 c6 21. Bh6 Re8 22. Qd2 Na6 23. Bc2 Nc7 24. Nh2 Bd7 25. Rb3 Ne6 26. g4 h4 27. Nf3 b6 28. g5 Bf8 29. Bxf8 Rxf8 30. Ra3 Rb7 31. Kh2 Bc8 32. Rh1 Qe7 33. Rc3 Rc7 34. Kg1 c5 35. Rxh4 c4 36. Qe3 Kg7 37. Bd1 Rh8 38. Rh6 Nxg5 39. Rxh8 Nxf3+ 40. Bxf3 Kxh8 41. Bxd5 Be6 42. Qh6+ Kg8 43. Bxe6 fxe6 44. Qxg6+ Kf8 45. Rf3+ Qf7 46. Rxf7+ Rxf7 47. Qxe6 b5 48. Qc8+ Kg7 49. d5 Rf4 50. d6 c3 51. Qxc3 Rc4 52. Qg3+ Kf7 53. Qf3+ Ke6 54. Qf6+ Kd5 55. d7 Kc5 56. Qd6# 1-0


[Site "https://www.chess.com"]

[Event "Titled Tuesday Blitz October 04 Early 2022"]
[White "Abdisalimov, Abdimalik"]
[Black "Sarana, Alexey"]
[WhiteFideId "14206323"]
[BlackFideId "24133795"]
[WhiteElo "2401"]
[BlackElo "2689"]
[Result "1-0"]
[Round "11"]
[TimeControl "180+1"]
[Date "2022.10.04"]
[WhiteClock "0:00:08"]
[BlackClock "0:00:05"]

1. d4 Nf6 2. c4 e6 3. Nc3 Bb4 4. e3 O-O 5. Bd3 d5 6. Nf3 c5 7. cxd5 cxd4 8. exd4 exd5 9. O-O Bg4 10. Bg5 Bxc3 11. bxc3 Nbd7 12. Qc2 h6 13. Bh4 Bxf3 14. gxf3 Rc8 15. Bf5 Rc6 16. Rae1 Re8 17. Re3 Rxe3 18. fxe3 Qc7 19. Rc1 Nb6 20. Kh1 Nc4 21. Qe2 b5 22. Bd3 a6 23. Bg3 Qe7 24. e4 Re6 25. e5 Nh5 26. f4 Nxg3+ 27. hxg3 Qa3 28. Rc2 Rc6 29. f5 Nb6 30. Qd2 Qe7 31. f6 Qd7 32. Qf4 b4 33. Rh2 Rxc3 34. Rxh6 Rxd3 35. Qg5 Rd1+ 36. Kg2 Rd2+ 37. Qxd2 Qg4 38. Rh4 Qf5 39. Rf4 Qg6 40. Qxb4 Qc2+ 41. Rf2 Qe4+ 42. Kg1 Nc4 43. fxg7 Kxg7 44. Qe7 Qe1+ 45. Kg2 Qe4+ 46. Kh2 Qh7+ 47. Qh4 Qg6 48. Qf6+ Qxf6 49. Rxf6 a5 50. Rc6 Nd2 51. Rc5 Nf3+ 52. Kg2 Nxd4 53. Rxd5 Nc6 54. Rc5 Nb4 55. Rxa5 Kg6 56. a4 Kf5 57. Rb5 Nc6 58. a5 Nd4 59. Rc5 Nc2 60. Rxc2 1-0


[Site "https://www.chess.com"]

[Event "Titled Tuesday Blitz October 04 Early 2022"]
[White "Bortnyk, Olexandr"]
[Black "Andreikin, Dmitry"]
[WhiteFideId "14120828"]
[BlackFideId "4158814"]
[WhiteElo "2723"]
[BlackElo "2736"]
[Result "1/2-1/2"]
[Round "11"]
[TimeControl "180+1"]
[Date "2022.10.04"]
[WhiteClock "0:00:07"]
[BlackClock "0:00:12"]

1. e4 e6 2. d4 d5 3. Nc3 Bb4 4. Qd3 dxe4 5. Qxe4 Nf6 6. Qh4 Qd5 7. Ne2 Qf5 8. Qg5 O-O 9. Qxf5 exf5 10. a3 Ba5 11. Bf4 Re8 12. O-O-O c6 13. f3 Nbd7 14. d5 cxd5 15. Nxd5 Nxd5 16. Rxd5 Bb6 17. Rxf5 Nf6 18. Re5 Be6 19. Bg3 Nd5 20. Nc3 Nxc3 21. bxc3 Rac8 22. Kb2 Bc7 23. Re4 Bxg3 24. hxg3 Rc5 25. Bd3 Rec8 26. Rb4 b6 27. Bxh7+ Kf8 28. Bd3 Rxc3 29. g4 R3c5 30. Re1 Ke7 31. f4 Kd6 32. g5 g6 33. Re2 Bc4 34. Bxc4 Rxc4 35. Rxc4 Rxc4 36. g3 Rc8 37. Kb3 Rh8 38. Kb4 a6 39. Rd2+ Kc6 40. Rd3 Rh2 41. Kc3 Rg2 42. Re3 Kd6 43. Kb3 b5 44. c4 Kc5 45. cxb5 axb5 46. Kc3 Ra2 47. Re5+ Kc6 48. Kb3 Rg2 49. Re7 Rxg3+ 50. Kb4 Rd3 51. Rxf7 Rd4+ 52. Kc3 Ra4 53. Kb3 Kc5 54. Rf6 Re4 55. Kc2 Ra4 56. Kd2 Kd5 57. Kc2 Kc5 58. Kb2 Re4 59. Rxg6 Rxf4 60. Rg8 Rg4 61. g6 Kb6 62. Kc2 Rg3 63. Kd2 Kb7 64. g7 Ka7 65. Ke2 Kb7 66. Kf2 Rg4 67. Kf3 Rg1 68. Kf4 Ka7 69. Ke5 Re1+ 70. Kf6 Rf1+ 71. Ke7 Re1+ 72. Kd6 Rd1+ 73. Kc5 Rg1 74. Kxb5 Rg2 75. Kc4 Rg1 76. Kd5 Rg2 77. Ke6 Rg1 78. Kd6 Rg2 79. Ke5 Rg1 80. Kf6 Rf1+ 81. Kg6 Rg1+ 82. Kf7 Rf1+ 83. Ke6 Re1+ 84. Kf6 Rf1+ 85. Ke5 Re1+ 86. Kd4 Rd1+ 87. Kc4 Rg1 88. Kb4 Rg4+ 89. Kc5 Rg1 90. Kd6 Rg2 91. Re8 Rxg7 92. Re7+ Rxe7 93. Kxe7 Kb6 94. a4 Ka5 95. Kd6 Kxa4 1/2-1/2


[Site "https://www.chess.com"]

[Event "Titled Tuesday Blitz October 04 Early 2022"]
[White "Duda, Jan-Krzysztof"]
[Black "Bortnyk, Mykola"]
[WhiteFideId "1170546"]
[BlackFideId "14120836"]
[WhiteElo "2779"]
[BlackElo "2582"]
[Result "1-0"]
[Round "11"]
[TimeControl "180+1"]
[Date "2022.10.04"]
[WhiteClock "0:00:52"]
[BlackClock "0:00:10"]

1. d4 Nf6 2. Bf4 e6 3. e3 c5 4. c3 Qb6 5. Qb3 Nc6 6. Nd2 cxd4 7. exd4 Qxb3 8. axb3 d6 9. Ngf3 Nh5 10. Be3 Be7 11. b4 Bd7 12. Bc4 O-O 13. d5 exd5 14. Bxd5 Nf6 15. Bb3 a5 16. bxa5 Nxa5 17. Bc2 Nd5 18. O-O Nxe3 19. fxe3 Bb5 20. Rfd1 Nc4 21. Nxc4 Bxc4 22. Kf2 g6 23. Be4 Rxa1 24. Rxa1 Ba6 25. Bd5 Rc8 26. Ra4 Rc5 27. c4 Rc7 28. Nd2 Kg7 29. b4 Bf6 30. b5 Bxb5 31. cxb5 Rc2 32. Ra2 Rc5 33. Bc4 Bc3 34. Bd3 Rd5 35. Ke2 Rg5 36. g3 Rh5 37. Nf3 f5 38. Ra7 Kf6 39. Rxb7 g5 40. Bc4 Rh3 41. Rf7+ Kg6 42. Kd3 Ba5 43. Be6 g4 44. Nh4+ 1-0


[Site "https://www.chess.com"]

[Event "Titled Tuesday Blitz October 04 Early 2022"]
[White "Gabrielian, Artur"]
[Black "Dushyant Sharma"]
[WhiteFideId "4131002"]
[BlackFideId "25065130"]
[WhiteElo "2432"]
[BlackElo "2270"]
[Result "1-0"]
[Round "11"]
[TimeControl "180+1"]
[Date "2022.10.04"]
[WhiteClock "0:00:42"]
[BlackClock "0:00:02"]

1. e4 e5 2. Nc3 Nc6 3. g3 Nf6 4. Bg2 Bc5 5. Nge2 d6 6. O-O Bg4 7. h3 Be6 8. Na4 Qd7 9. Nxc5 dxc5 10. Kh2 O-O-O 11. b3 Nd4 12. d3 h5 13. Nxd4 cxd4 14. h4 Ng4+ 15. Kg1 f6 16. Qe2 Rdg8 17. f3 Nh6 18. f4 exf4 19. gxf4 g5 20. fxg5 fxg5 21. Bxg5 Nf7 22. Rxf7 Bxf7 23. Rf1 Be6 24. Qf3 c6 25. Kh2 Rf8 26. Qxf8+ Rxf8 27. Rxf8+ Kc7 28. Rf6 Kb6 29. b4 Kb5 30. e5 Kxb4 31. Bf3 Kc3 32. Bxh5 Kxc2 33. Bg6 Bxa2 34. h5 Qg4 35. Rf2+ Kb1 36. Rg2 Qe6 37. Bf6 Bd5 38. Rg1+ Kc2 39. h6 Be4 40. Bxe4 Qf7 41. Rg5 Qf8 42. h7 Qh6+ 43. Kg3 Qh1 44. Bxh1 1-0


[Site "https://www.chess.com"]

[Event "Titled Tuesday Blitz October 04 Early 2022"]
[White "Ginzburg, Yakov"]
[Black "Visakh N R"]
[WhiteFideId "4157176"]
[BlackFideId "25012223"]
[WhiteElo "2305"]
[BlackElo "2466"]
[Result "0-1"]
[Round "11"]
[TimeControl "180+1"]
[Date "2022.10.04"]
[WhiteClock "0:00:05"]
[BlackClock "0:00:05"]

1. d4 Nf6 2. Nf3 d5 3. g3 Bf5 4. c4 e6 5. Bg2 c6 6. Qb3 Qb6 7. c5 Qxb3 8. axb3 Na6 9. Bd2 Ne4 10. Nc3 Nb4 11. O-O Nxd2 12. Nxd2 e5 13. e3 Be7 14. Ra4 Nd3 15. Nxd5 cxd5 16. Bxd5 O-O 17. Bxb7 Rab8 18. c6 exd4 19. exd4 Be6 20. Rxa7 Bd8 21. Nc4 Nb4 22. Rd1 Bd5 23. Ne5 Re8 24. Ra4 Bxb3 25. Rxb4 Bxd1 26. Kg2 Bc7 27. Nd7 Rbd8 28. d5 Bc2 29. Kf3 Bf5 30. Rc4 g5 31. g4 Bxd7 32. cxd7 Rxd7 33. Bc6 Ree7 34. Bxd7 Rxd7 35. Ke4 Bf4 36. h4 Re7+ 37. Kf3 h6 38. b4 Kg7 39. b5 Rb7 40. Rb4 Bd6 41. Rb3 Bc5 42. hxg5 hxg5 43. Ke2 Kf6 44. Rf3+ Ke7 45. Rf5 f6 46. f4 gxf4 47. Rxf4 Rxb5 48. g5 fxg5 49. Rf5 g4 50. Rg5 Rb4 51. Rg6 Bd6 52. Re6+ Kd7 53. Rg6 Kc7 54. Kf2 g3+ 55. Kg2 Rd4 56. Rg5 Kb6 57. Rg8 Kc5 58. Re8 Rd2+ 59. Kg1 Kxd5 60. Rd8 Ke4 61. Re8+ Be5 62. Rf8 Bd4+ 63. Kf1 g2+ 64. Ke1 g1=Q+ 65. Kxd2 Qe3+ 66. Kc2 Qd3+ 67. Kc1 Qc4+ 68. Kd1 Qa4+ 69. Ke2 Qc2+ 70. Ke1 Kd3 71. Rf3+ Be3 72. Kf1 Qe2# 0-1


[Site "https://www.chess.com"]

[Event "Titled Tuesday Blitz October 04 Early 2022"]
[White "Hambleton, Aman"]
[Black "Girel, Joseph"]
[WhiteFideId "2606577"]
[BlackFideId "36033561"]
[WhiteElo "2538"]
[BlackElo "2281"]
[Result "1-0"]
[Round "11"]
[TimeControl "180+1"]
[Date "2022.10.04"]
[WhiteClock "0:00:04"]
[BlackClock "0:00:08"]

1. d4 Nf6 2. Bf4 d5 3. e3 c5 4. c3 Nc6 5. Nd2 e6 6. Ngf3 Nh5 7. Be5 f6 8. Bg3 g6 9. Bd3 Bd7 10. Qe2 Bg7 11. Bd6 c4 12. Bxc4 dxc4 13. g4 e5 14. gxh5 Bg4 15. Ba3 f5 16. Qxc4 Qd7 17. Ng5 O-O-O 18. Nf7 exd4 19. cxd4 Bxd4 20. Nxd8 Rxd8 21. exd4 Re8+ 22. Kf1 Bh3+ 23. Kg1 f4 24. f3 Qf5 25. Kf2 Qg5 26. Rhg1 Qh4+ 27. Rg3 fxg3+ 28. hxg3 Qxh5 29. Ne4 Be6 30. Nd6+ Kd7 31. Qf1 Qh2+ 32. Qg2 Qxg2+ 33. Kxg2 Rf8 34. Nxb7 Rf5 35. Nc5+ Ke7 36. g4 Rd5 37. Ne4+ Kd8 38. Bc5 Nxd4 39. Bxd4 Rxd4 40. Nc3 Bd7 41. Rd1 Rc4 42. Kg3 Kc8 43. Ne4 Kc7 44. Rd2 Rc1 45. b3 Bc6 46. Ng5 h6 47. Ne6+ Kb6 48. Nf4 g5 49. Nd3 Rc3 50. Ne5 Bb7 51. Rd6+ Kc7 52. Rxh6 Re3 53. Re6 Bd5 54. Kf2 Rc3 55. Rf6 Rc2+ 56. Ke3 Rxa2 57. Rf5 Rb2 58. Kd4 Bb7 59. Kc3 Rf2 60. Rxg5 a5 61. Rg7+ Kb6 62. Rg6+ Ka7 63. Rf6 Rg2 64. Rf7 Rg3 65. Nc6+ Kb6 66. Nd4 Ba8 67. Rf6+ Kc5 68. Rf5+ Bd5 69. g5 Rg1 70. Ne6+ Kd6 71. Nf4 Bc6 72. Rf6+ Kc7 73. Nd3 Kb6 74. Ne5 Kc5 75. Nxc6 Kd5 76. Nxa5 Rg3 77. Kb4 Rxf3 78. Rxf3 Ke5 79. Rc3 Ke4 80. Rc4+ Ke5 81. Kb5 1-0


[Site "https://www.chess.com"]

[Event "Titled Tuesday Blitz October 04 Early 2022"]
[White "Ivic, Velimir"]
[Black "Makarian, Rudik"]
[WhiteFideId "950122"]
[BlackFideId "44105681"]
[WhiteElo "2625"]
[BlackElo "2405"]
[Result "1-0"]
[Round "11"]
[TimeControl "180+1"]
[Date "2022.10.04"]
[WhiteClock "0:00:46"]
[BlackClock "0:00:01"]

1. e4 d6 2. d4 Nf6 3. Nc3 e5 4. Nf3 Nbd7 5. Rg1 g6 6. g4 exd4 7. Nxd4 Bg7 8. Be3 d5 9. exd5 Ne5 10. Qe2 Nxd5 11. f4 Nxc3 12. bxc3 Nxg4 13. Rxg4 Bxg4 14. Qxg4 O-O 15. O-O-O Qe7 16. Bd2 Rfd8 17. Bc4 Bxd4 18. cxd4 Rxd4 19. Bb3 Rad8 20. c3 Rd3 21. f5 Qd6 22. fxg6 hxg6 23. Bg5 Qa3+ 24. Kb1 Rxd1+ 25. Bxd1 Rd6 26. Bb3 Qc5 27. Be7 Rd1+ 28. Qxd1 Qxe7 29. Qf3 c6 30. Kb2 Kg7 31. h4 a5 32. a4 1-0


[Site "https://www.chess.com"]

[Event "Titled Tuesday Blitz October 04 Early 2022"]
[White "Jobava, Baadur"]
[Black "Svane, Rasmus"]
[WhiteFideId "13601520"]
[BlackFideId "4657101"]
[WhiteElo "2582"]
[BlackElo "2674"]
[Result "0-1"]
[Round "11"]
[TimeControl "180+1"]
[Date "2022.10.04"]
[WhiteClock "0:00:07"]
[BlackClock "0:00:13"]

1. e4 c6 2. d4 d5 3. exd5 cxd5 4. c4 Nf6 5. Nc3 Nc6 6. Nf3 a6 7. c5 g6 8. h3 Bg7 9. Bd3 O-O 10. O-O b6 11. cxb6 Qxb6 12. Na4 Qa7 13. Be3 Nb4 14. Bb1 Bd7 15. a3 Nc6 16. b4 Rfc8 17. Nc5 Nd8 18. Bd3 Bb5 19. a4 Bxd3 20. Qxd3 Nb7 21. Rfc1 Nd6 22. Ne5 Nfe4 23. Bf4 a5 24. f3 Nxc5 25. bxc5 Nf5 26. g4 Nh4 27. Bg3 g5 28. c6 Ng6 29. Kg2 Bxe5 30. dxe5 e6 31. Ra2 Qa6 32. Qb5 Rcb8 33. Qxa6 Rxa6 34. Rac2 Rc8 35. c7 Ra7 36. Bf2 Rb7 37. Bd4 Kf8 38. Rc5 Ke8 39. Rxa5 Rbxc7 40. Rxc7 Rxc7 41. Kg3 Rc4 42. Ra8+ Kd7 43. Ra7+ Kc6 44. Be3 Rc3 45. Bxg5 Nxe5 46. Kf4 Nxf3 47. Bf6 d4 48. Rxf7 Kd6 49. Ke4 e5 50. Rxh7 Nd2+ 51. Kf5 Rf3+ 52. Kg6 Ne4 53. Bg7 d3 54. Rh8 Kd7 55. Rb8 d2 56. Rb1 Nc3 57. Ra1 Rxh3 58. Bxe5 d1=Q 59. Rxd1+ Nxd1 60. g5 Ra3 61. Kf7 Rf3+ 62. Bf6 Ne3 63. a5 Nd5 64. a6 Ra3 65. g6 Rxa6 66. Be5 Ne7 67. g7 Ra5 68. Bf6 Rf5 69. g8=Q Nxg8 70. Kg7 Rxf6 71. Kh8 Ke7 72. Kg7 Nh6 73. Kh7 Nf5 74. Kg8 Nd4 75. Kh8 Nb3 76. Kg7 Ke6 77. Kg8 Rf7 78. Kh8 Kf6 0-1


[Site "https://www.chess.com"]

[Event "Titled Tuesday Blitz October 04 Early 2022"]
[White "Jones, Gawain C B"]
[Black "Batsuren, Dambasuren"]
[WhiteFideId "409561"]
[BlackFideId "4902920"]
[WhiteElo "2657"]
[BlackElo "2422"]
[Result "1/2-1/2"]
[Round "11"]
[TimeControl "180+1"]
[Date "2022.10.04"]
[WhiteClock "0:00:02"]
[BlackClock "0:00:09"]

1. g3 Nf6 2. Bg2 d5 3. d4 e6 4. Nf3 Be7 5. c4 O-O 6. O-O dxc4 7. Na3 c3 8. bxc3 c5 9. Ne5 Nbd7 10. Nxd7 Qxd7 11. Nc4 Nd5 12. Qd2 cxd4 13. cxd4 Qa4 14. Ne3 Bb4 15. Qd3 Bc3 16. Rb1 Qxd4 17. Rd1 Qxd3 18. Rxd3 Be5 19. Nxd5 exd5 20. Bxd5 Rb8 21. Ba3 Re8 22. f4 Bc7 23. e4 Be6 24. Bxe6 Rxe6 25. e5 f6 26. Rd7 Bb6+ 27. Kg2 fxe5 28. Bd6 Rd8 29. Rxd8+ Bxd8 30. fxe5 b6 31. Rc1 Be7 32. Rc8+ Kf7 33. Rc7 Kf8 34. Rc8+ Kf7 35. Bb8 a6 36. Kf3 Rh6 37. h4 g5 38. hxg5 Bxg5 39. Kg4 Be7 40. Kf5 Rh5+ 41. Ke4 Rh1 42. Bd6 Bxd6 43. exd6 Ke6 44. Rc6 Rb1 45. g4 Rb4+ 46. Kf3 Kd7 47. Rc7+ Kxd6 48. Rxh7 Ra4 49. g5 Ke6 50. Rh6+ Kf5 51. Rxb6 Rxa2 52. g6 Ra3+ 53. Kf2 Ra2+ 54. Kg3 Ra1 55. Kf3 Rg1 56. Rxa6 Rxg6 57. Rxg6 Kxg6 1/2-1/2


[Site "https://www.chess.com"]

[Event "Titled Tuesday Blitz October 04 Early 2022"]
[White "Kosakowski, Jakub"]
[Black "Kodinets, Konstantin L."]
[WhiteFideId "1185080"]
[BlackFideId "4122011"]
[WhiteElo "2463"]
[BlackElo "2447"]
[Result "1-0"]
[Round "11"]
[TimeControl "180+1"]
[Date "2022.10.04"]
[WhiteClock "0:01:45"]
[BlackClock "0:00:06"]

1. e4 e5 2. Nf3 d6 3. d4 exd4 4. Qxd4 Nf6 5. Nc3 Be7 6. Bg5 h6 7. Bh4 Nc6 8. Bb5 O-O 9. Bxc6 bxc6 10. O-O Nd7 11. Bxe7 Qxe7 12. Rfe1 a5 13. Rad1 Nb6 14. e5 d5 15. Qf4 Be6 16. Nd4 c5 17. Nf5 Bxf5 18. Qxf5 Qe6 19. Qf3 c6 20. Qg3 Rfe8 21. f4 a4 22. Qf3 Qf5 23. Re2 h5 24. h3 h4 25. Qf2 Qh5 26. Qxc5 Nc4 27. Qxc6 Nxb2 28. Rxd5 Rec8 29. Qb7 Rab8 30. Qa7 Rb4 31. e6 Qg6 32. e7 Rbb8 33. Qxb8 Rxb8 34. Rd8+ Kh7 35. Rxb8 Qd6 36. e8=Q Qd4+ 37. Qe3 1-0


[Site "https://www.chess.com"]